 Dungeon Crawl Stone Soup version 0.31-a0-983-g7b6862f502 (webtiles) character file.

Game seed: 3404178872798221019

91 gruber the Cutter (level 4, -11/23 HPs)
             Began as a Vine Stalker Fighter on Nov 2, 2023.
             Mangled by an ogre
             ... wielding a +0 giant club
              (20 damage)
             ... on level 4 of the Dungeon.
             The game lasted 00:01:50 (1893 turns).

gruber the Cutter (Vine Stalker Fighter)            Turns: 1893, Time: 00:01:50

Health: -11/23     AC:  6    Str: 19    XL:     4   Next: 59%
Magic:  0/5        EV: 10    Int:  8    God:
Gold:   123        SH:  4    Dex: 10    Spells: 3/3 levels left

rFire   . . .        i - +2 dagger (vamp)
rCold   . . .        c - +0 buckler
rNeg    + . .        l - +0 ring mail "Gethriull" {rN+ Regen+ Dex-5}
rPois   .            (no helmet)
rElec   .            (no cloak)
rCorr   .            f - +0 pair of gloves
SInv    .            (no boots)
Will    .....        (no amulet) Stlth
                     (no ring)
HPRegen 1.83/turn    (no ring)
MPRegen 0.09/turn

%: guardian spirit
@: no status effects
A: fangs 2, regeneration 1, magic shield, antimagic bite, no potion heal 2
a: no special abilities


You were on level 4 of the Dungeon.
You visited 1 branch of the dungeon, and saw 4 of its levels.

You collected 123 gold pieces.

Inventory:

Hand Weapons
 i - a +2 vampiric dagger (weapon)
Armour
 c - a +0 buckler (worn)
 f - a +0 pair of gloves (worn)
 l - the +0 ring mail "Gethriull" (worn) {rN+ Regen+ Dex-5}
   (You found it on level 2 of the Dungeon)

   Dex-5:     It affects your dexterity (-5).
   rN+:       It protects you from negative energy.
   Regen+:    It increases your rate of health regeneration.
Jewellery
 b - a ring of wizardry
Scrolls
 e - a scroll of noise {unknown}
 g - a scroll of blinking {unknown}
 h - a scroll of poison {unknown}
 k - a scroll of teleportation {unknown}
 n - 3 scrolls of identify {unknown}
Potions
 a - a potion of brilliance {unknown}
 d - a potion of might
 j - a potion of curing {unknown}
 m - 2 potions of magic {unknown}
 o - a potion of degeneration {unknown}


   Skills:
 - Level 2.6 Fighting
 + Level 4.2 Short Blades
 - Level 2.4 Armour
 - Level 2.6 Shields


You had 3 spell levels left.
You didn't know any spells.
Your spell library contained the following spells:

 Spells                   Type           Power      Damage    Failure   Level
 Blink                    Tloc           0%         N/A       80%         2
 Stone Arrow              Conj/Erth      0%         3d7       95%         3
 Animate Armour           Summ/Erth      0%         N/A       100%        4
 Manifold Assault         Tloc           0%         N/A       100%        4
 Lehudib's Crystal Spear  Conj/Erth      0%         10d2      100%        8


Dungeon Overview and Level Annotations

Branches:
Dungeon (4/15)
 Temple: D:4-7

Altars:
Vehumet


Innate Abilities, Weirdness & Mutations

You have extremely sharp teeth.
Your natural rate of healing is unusually fast.
When hurt, damage is shared between your health and your magic reserves.
Your bite disrupts and absorbs the magic of your enemies.
Potions cannot restore your health.


Message History

The endoplasm hits you but does no damage.
You hit the endoplasm.
The endoplasm is moderately wounded.
The endoplasm hits you but does no damage.
You hit the endoplasm.
The endoplasm is almost dead.
The endoplasm hits you but does no damage.
You hit the endoplasm.
You kill the endoplasm!
You hit the ogre.
The ogre is lightly wounded.
The ogre hits you with a +0 giant club!!
Ouch! That really hurt!
* * * LOW HITPOINT WARNING * * *
You hit the ogre.
You feel better.
The ogre is moderately wounded.
You hit the ogre.
You feel better.
The ogre is moderately wounded.
The ogre barely misses you.
You hit the ogre.
The ogre is moderately wounded.
You hit the ogre.
You feel better.
The ogre is heavily wounded.
The ogre closely misses you.
You hit the ogre but do no damage. You bite the ogre. You drain its power.
You feel invigorated.
The ogre is severely wounded.
You hit the ogre.
You feel better.
You bite the ogre. You drain its power.
You feel invigorated.
The ogre is almost dead.
The ogre hits you with a +0 giant club!!
Ouch! That really hurt!
* * * LOW HITPOINT WARNING * * *
You hit the ogre.
You feel better.
The ogre is almost dead.
You hit the ogre.
You feel better.
Your bite misses the ogre.
The ogre is almost dead.
The ogre hits you with a +0 giant club!!
Ouch! That really hurt!
You die...

.... #######.#
.... #.... ...
..... #...# #.#
..... #...###.#
......#....##.#
......#....##.#
.###.......##.#
......)....##.###
...........O@...#
#........####.#.#
...............<#
.......##########
....... .......
....... .....


You could see an ogre.

Vanquished Creatures
  2 adders (D:3)
  3 dart slugs
  6 orcs (D:3)
  7 endoplasms
  2 giant cockroaches (D:1)
  4 hobgoblins
  4 quokkas
  6 ball pythons
  5 bats
  2 frilled lizards (D:1)
  5 goblins
  6 kobolds
  11 rats
63 creatures vanquished.

Notes
Turn   | Place    | Note
-------+----------+-------------------------------------------
     0 | D:1      | gruber the Vine Stalker Fighter began the quest for the
                  | Orb.
     0 | D:1      | Reached XP level 1. HP: 11/11 MP: 2/2
    18 | D:1      | Reached skill level 2 in Short Blades
   126 | D:1      | Reached XP level 2. HP: 16/16 MP: 3/3
   315 | D:1      | Found a faded altar of an unknown god.
   451 | D:1      | Reached skill level 3 in Short Blades
   489 | D:1      | Reached XP level 3. HP: 19/19 MP: 4/4
   730 | D:2      | Identified the +0 ring mail "Gethriull" {rN+ Regen+ Dex-5}
  1353 | D:3      | Reached XP level 4. HP: 23/23 MP: 3/5
  1473 | D:3      | Reached skill level 4 in Short Blades
  1490 | D:3      | Found a radiant altar of Vehumet.
  1870 | D:4      | Noticed an ogre
  1893 | D:4      | Mangled by an ogre

Illustrated notes

Levels and vault maps discovered:
D:1:      dpeg_arrival_connections, layout_loops_ring,
          shapermc_ecumenical_altar_mp_ritualfount, skrybe_limestone_x
D:2:      layout_rooms
D:3:      layout_basic, mainiacjoe_overflow_alcove_1
D:4:      layout_basic, nicolae_elemental_shop

Skill      XL: |  1  2  3  4 |
---------------+-------------+-----
Short Blades   | 2 3 4 |  4.2
Fighting       | |  2.6
Armour         | |  2.4
Shields        | |  2.6

Action                     |  1- 3 |  4- 6 || total
---------------------------+-------+-------++-------
  Melee: Rapier            |    34 |       ||    34
         Bite              |    36 |    12 ||    48
         Dagger            |    80 |    52 ||   132
 Armour: Scale mail        |    40 |       ||    40
         Ring mail         |    19 |    23 ||    42
  Dodge: Dodged            |    50 |    17 ||    67
  Block: Buckler           |    23 |     8 ||    31

Table legend: (Time is in decaauts)
 A = Elapsed time spent in this place.
 B = Non-inter-level travel time spent in this place.
 C = Inter-level travel time spent in this place.
 D = Time resting spent in this place.
 E = Time spent auto-exploring this place.
 F = Levels seen in this place.
 G = Mean time per level.
                   A        B        C        D        E       F      G
               +--------+--------+--------+--------+--------+-----+--------+
         Total |   1879 |   1812 |     67 |      0 |   1402 |   4 |  469.8 |
       Dungeon |   1879 |   1812 |     67 |      0 |   1402 |   4 |  469.8 |
               +--------+--------+--------+--------+--------+-----+--------+

Top non-repeatable levels by time:
     D:1: 723 daAuts
     D:3: 645 daAuts
     D:2: 482 daAuts
     D:4: 28 daAuts
